 Dungeon Crawl Stone Soup version 0.26-a0-658-gbdda728c12 (webtiles) character file.

Game seed: 17053802065338917015

2114 tacoguy the Thaumaturge (level 9, -10/45 HPs)
             Began as a Deep Elf Conjurer on Oct 5, 2020.
             Killed from afar by Harold (12 damage)
             ... with a harpoon shot
             ... on level 6 of the Dungeon.
             The game lasted 00:33:36 (11411 turns).

tacoguy the Thaumaturge (Deep Elf Conjurer)        Turns: 11411, Time: 00:33:37

Health: -10/45     AC:  8    Str:  4    XL:     9   Next: 8%
Magic:  19/26      EV: 13    Int: 27    God:
Gold:   40         SH:  0    Dex: 16    Spells: 20/30 levels left

rFire    . . .     SeeInvis .   a - staff of conjuration
rCold    . . .     Faith    .   (no shield)
rNeg     . . .     Spirit   .   j - +0 robe {MR+}
rPois    .         Reflect  .   e - +2 hat
rElec    .         Harm     .   (no cloak)
rCorr    .         Rampage  .   i - +2 pair of gloves {Dex+3}
MR       +....                  h - +0 pair of boots
Stlth    ++........             (no amulet)
HPRegen  0.15/turn              (no ring)
MPRegen  0.20/turn              (no ring)

@: about to teleport
A: no striking features
a: no special abilities


You were on level 6 of the Dungeon.
You visited 1 branch of the dungeon, and saw 7 of its levels.

You collected 376 gold pieces.
You spent 336 gold pieces at shops.

Inventory:

Armour
 e - a +2 hat (worn)
 h - a +0 pair of boots (worn)
 i - a +2 pair of gloves of dexterity (worn)
 j - a +0 robe of magic resistance (worn)
Magical Staves
 a - an uncursed staff of conjuration (weapon)
Wands
 f - a wand of polymorph (17)
Scrolls
 c - 2 scrolls of remove curse
 g - a scroll of enchant armour
 l - a scroll of enchant weapon
 q - 3 scrolls of identify
Potions
 b - 5 potions of might
 d - a potion of stabbing {unknown}


   Skills:
 - Level 2.4 Dodging
 - Level 2.4 Stealth
 + Level 11.2 Spellcasting
 + Level 10.2 Conjurations


You had 20 spell levels left.
You knew the following spells:

 Your Spells              Type           Power        Failure   Level
b - Searing Ray           Conj           ######       1%          2
c - Fulminant Prism       Conj/Hex       ######....   4%          4
d - Iskenderun's Mystic   Conj/Tloc      ######..     4%          4

Your spell library contained the following spells:

 Spells                   Type           Power        Failure   Level
 Magic Dart               Conj           ####         1%          1
 Dazzling Flash           Conj/Hex       ######       1%          3


Dungeon Overview and Level Annotations

Branches:
Dungeon (7/15)
 Temple: D:4-7

Altars:
Ashenzari
Elyvilon
Kikubaaqudgha
Okawaru
Qazlal
Ru
Sif Muna
Trog
Uskayaw
Wu Jian
Yredelemnul
Zin

Shops:
D:6 [

Annotations:
D:6 Harold
D:7 Maggie


Message History

The mystic blast hits the gnoll!
The gnoll is heavily wounded.
The gnoll is knocked back by the mystic blast.
The gnoll slams into the rock wall!
The mystic blast hits Harold.
Harold is lightly wounded.
Harold is knocked back by the mystic blast.
Harold slams into the rock wall!
The mystic blast hits the worker ant!
You kill the worker ant!
Maggie gestures at you while chanting. The bolt of fire hits you!!
* * * LOW HITPOINT WARNING * * *
Harold casts a spell at you.
You barely resist.
You climb upwards.
There is a stone staircase leading down here.
As you read the scroll of teleportation, it crumbles to dust.
You feel strangely unstable. Harold barely misses you.
Harold fires a harpoon shot at you. The harpoon shot hits you!
You die...

.# #.# ### #.##.# ##...## .# #.#
##.###.##.###..#..## ##
#.####...##........###..#
#.........#.........#...#
####..............#...#.#
##.....#......###.##.#
##..@.#......# #.#..#
##.#>#.##.### #.#.##
####.#@#.##.# #.#.#
####.)....#.##.# #.#.#
#............#.#####.#.#
########.##...................###
.........##.###.###.#............
###########.# #.# #.#######...###
#.###'###.# #..[... #.###_'^..#
##....# ###.###'###.# ##>#.#


You could see Harold.

Vanquished Creatures
  A sky beast (D:6)
  2 black bears (D:6)
  An eye of draining (D:3)
  3 phantoms
  2 ogres
  A centaur (D:6)
  2 bullfrogs (D:6)
  A scorpion (D:5)
  A killer bee (D:5)
  7 wights (D:6)
  6 electric eels (D:5)
  A howler monkey (D:5)
  An orc priest (D:3)
  2 orc wizards (D:6)
  5 worker ants
  A hound skeleton (D:5)
  A worker ant zombie (D:5)
  2 howler monkey skeletons (D:4)
  2 gnolls (D:7)
  4 adders
  A shadow imp (D:5)
  2 ufetubi (D:5)
  4 worms
  2 dart slugs
  2 leopard geckos
  19 orcs
  2 giant cockroaches
  10 goblins
  6 hobgoblins
  7 jackals
  2 quokkas
  A ball python (D:5)
  7 bats
  4 frilled lizards
  A jackal zombie (D:6)
  6 kobolds
  15 rats
137 creatures vanquished.

Vanquished Creatures (others)
  A worker ant (D:6)
  27 fulminant prisms
  7 plants (D:5)
35 creatures vanquished.

Grand Total: 172 creatures vanquished

Notes
Turn   | Place    | Note
-------+----------+-------------------------------------------
     0 | D:1      | tacoguy the Deep Elf Conjurer began the quest for the Orb.
     0 | D:1      | Reached XP level 1. HP: 10/10 MP: 6/6
   383 | D:1      | Reached XP level 2. HP: 15/15 MP: 5/8
   512 | D:1      | Learned a level 2 spell: Searing Ray
  1454 | D:2      | Found a sacrificial altar of Ru.
  1476 | D:2      | Reached skill level 4 in Spellcasting
  1678 | D:2      | Noticed a phantom
  1684 | D:2      | Killed a phantom
  1684 | D:2      | Reached skill level 5 in Spellcasting
  1684 | D:2      | Reached skill level 5 in Conjurations
  1684 | D:2      | Reached XP level 3. HP: 19/19 MP: 4/11
  1684 | D:2      | Reached XP level 4. HP: 24/24 MP: 4/13
  1762 | D:2      | Learned a level 4 spell: Fulminant Prism
  1767 | D:2      | Learned a level 4 spell: Iskenderun's Mystic Blast
  1995 | D:2      | Found a hide-covered altar of Uskayaw.
  2138 | D:2      | Found a glowing silver altar of Zin.
  2596 | D:2      | Reached XP level 5. HP: 28/28 MP: 10/14
  3004 | D:3      | Noticed an eye of draining
  3010 | D:3      | Found a bloodstained altar of Trog.
  3039 | D:3      | Killed an eye of draining
  3039 | D:3      | Reached skill level 6 in Spellcasting
  3670 | D:3      | Found an ornate altar of the Wu Jian Council.
  3917 | D:3      | Reached XP level 6. HP: 32/32 MP: 9/17
  3983 | D:3      | Found a broken altar of Ashenzari.
  4674 | D:4      | Found a basalt altar of Yredelemnul.
  4723 | D:4      | Found an iron altar of Okawaru.
  4938 | D:4      | Found a shimmering blue altar of Sif Muna.
  5585 | D:5      | Entered Level 5 of the Dungeon
  5638 | D:5      | Reached skill level 7 in Spellcasting
  5725 | D:5      | Reached XP level 7. HP: 36/36 MP: 6/20
  5844 | D:5      | Found a stormy altar of Qazlal.
  6871 | D:5      | Reached skill level 8 in Spellcasting
  8365 | D:5      | Found a white marble altar of Elyvilon.
  8404 | D:6      | Reached skill level 9 in Spellcasting
  8426 | D:6      | Reached XP level 8. HP: 41/41 MP: 17/23
  8564 | D:6      | Found Finim's Antique Armour Emporium.
  8844 | D:6      | HP: 1/41 [centaur/arrow (6)]
  9334 | D:6      | Reached skill level 10 in Spellcasting
  9769 | D:6      | Bought a glowing robe for 111 gold pieces
 10070 | D:6      | Reached skill level 10 in Conjurations
 10174 | D:6      | Reached skill level 11 in Spellcasting
 10174 | D:6      | Reached XP level 9. HP: 45/45 MP: 20/26
 10266 | D:6      | Found an ancient bone altar of Kikubaaqudgha.
 10614 | D:6      | Bought a pair of embroidered gloves for 225 gold pieces
 10670 | D:7      | Noticed Harold
 10685 | D:7      | Noticed Maggie
 10689 | D:7      | HP: 2/45 [acid (7)]
 11407 | D:7      | HP: 1/45 [Maggie/bolt of fire (19)]
 11411 | D:6      | Killed from afar by Harold

Illustrated notes

Levels and vault maps discovered:
D:1:      lemuel_arrival_behind_the_door_small, layout_basic
D:2:      layout_loops_corners, lemuel_round_altar,
          nicolae_overflow_hidden_temple, lemuel_crystal_altar
D:3:      layout_loops_ring, trog_eyes_of_draining,
          ashenzari_conservatory_becter, overflow_temple_1_default,
          chequers_serial_rivers_room_a
D:4:      layout_layer_cave, yredelemnul_altar_generic, marbit_many_paths,
          okawaru_ov_weapons_minmay
D:5:      cheibrodos_two_vegetables, layout_basic, kennysheep_mini,
          nicolae_qazlal_eye_of_the_storm
D:6:      layout_loops_ring, lemuel_doored_altar, serial_shops,
          nicolae_shop_waterfront
D:7:      layout_loops_ring, minmay_temple_entry_waves, tgw_kikubaaqudgha,
          uniq_harold, uniq_maggie, uniq_duvessa

Skill      XL: |  1  2  3  4  5  6  7  8 |
---------------+-------------------------+-----
Spellcasting   | 5 6 7 9 11 | 11.2
Conjurations   | 5 6 7 8 10 | 10.2
Dodging        | |  2.4
Stealth        | |  2.4

Action                   |  1- 3 |  4- 6 |  7- 9 || total
-------------------------+-------+-------+-------++-------
Melee: Dagger            |       |    12 |       ||    12
 Cast: Magic Dart        |    32 |    99 |    45 ||   176
       Searing Ray       |     3 |    14 |    27 ||    44
       Fulminant Prism   |       |     3 |    25 ||    28
       Iskenderun's Myst |       |       |    21 ||    21
  Use: Scroll            |     6 |     5 |     4 ||    15
       Potion            |     2 |     1 |     7 ||    10
Armor: Robe              |       |     2 |     4 ||     6
Dodge: Dodged            |       |     4 |    44 ||    48

Table legend: (Time is in decaauts)
 A = Elapsed time spent in this place.
 B = Non-inter-level travel time spent in this place.
 C = Inter-level travel time spent in this place.
 D = Time resting spent in this place.
 E = Time spent auto-exploring this place.
 F = Levels seen in this place.
 G = Mean time per level.
                   A        B        C        D        E       F      G
               +--------+--------+--------+--------+--------+-----+--------+
         Total |  11421 |  10859 |    562 |   5356 |   4674 |   7 | 1631.6 |
       Dungeon |  11421 |  10859 |    562 |   5356 |   4674 |   7 | 1631.6 |
               +--------+--------+--------+--------+--------+-----+--------+

Top non-repeatable levels by time:
     D:5: 3608 daAuts
     D:6: 2179 daAuts
     D:2: 1666 daAuts
     D:3: 1410 daAuts
     D:1: 1319 daAuts
     D:4: 1187 daAuts
     D:7: 49 daAuts
